 Dungeon Sprint DCSS version 0.21-a0-265-gb353147 (webtiles) character file.

144 Kidiri the Thaumaturge (level 5, -2/28 HPs)
             Began as a Deep Elf Fire Elementalist on Sept 10, 2017.
             Slain by a sun demon (12 damage)
             ... summoned by a kobold demonologist
             ... in the Dungeon (Sprint III: "The Ten Rune Challenge").
             The game lasted 00:02:43 (349 turns).

Kidiri the Thaumaturge (Deep Elf Fire Elementalist)  Turns: 349, Time: 00:02:43

Health: -2/28      AC:  2    Str:  5    XL:     5   Next: 5%
Magic:  14/19      EV: 15    Int: 21    God:
Gold:   25         SH:  0    Dex: 17    Spells: 10/23 levels left

rFire    . . .     SeeInvis .   l - +0 dagger
rCold    . . .     Gourm    .   (no shield)
rNeg     . . .     Faith    .   a - +0 robe
rPois    .         Spirit   .   (helmet restricted)
rElec    .         Reflect  .   (no cloak)
rCorr    .         Harm     .   (no gloves)
MR       +....     NoTele   +   (no boots)
Stlth    ++........             (no amulet)
HPRegen  0.09/turn              (no ring)
MPRegen  0.16/turn              (no ring)

@: no status effects
A: horns 1, repulsion field 1, agile 1, magic resistance 1
a: no special abilities


You were in the Dungeon.
You were not hungry.

You visited 1 branch You collected 25 gold pieces.

Inventory:

Hand Weapons
 l - a +0 dagger (weapon)
Armour
 a - a +0 robe (worn)
Scrolls
 i - a scroll of blinking
 j - 2 scrolls of immolation {unknown}
 n - a scroll of identify {unknown}
 o - 3 scrolls of remove curse
 p - a scroll of torment {unknown}
 q - a scroll of amnesia {unknown}
Potions
 d - a potion of curing
 f - a potion of haste
 g - 2 potions of magic
 h - a potion of berserk rage
 r - a potion of flight {unknown}
Books
 b - a book of Flames

   Spells                             Type                      Level
   a - Flame Tongue                   Conjuration/Fire             1
   b - Throw Flame                    Conjuration/Fire             2
   c - Conjure Flame                  Conjuration/Fire             3
   d - Inner Flame                    Hexes/Fire                   3
   e - Sticky Flame                   Conjuration/Fire             4
   f - Fireball                       Conjuration/Fire             5
Comestibles
 c - 3 bread rations
 k - 4 chunks of flesh


   Skills:
 - Level 2.4 Dodging
 - Level 2.4 Stealth
 * Level 9.8 Spellcasting
 + Level 5.4 Conjurations
 + Level 6.4 Fire Magic


You had 10 spell levels left.
You knew the following spells:

 Your Spells              Type           Power        Failure   Level  Hunger
a - Flame Tongue          Conj/Fire      #####        1%          1    None
b - Throw Flame           Conj/Fire      #####.       1%          2    None
c - Conjure Flame         Conj/Fire      #####...     1%          3    None
d - Inner Flame           Hex/Fire       ###.....     5%          3    None
e - Sticky Flame          Conj/Fire      #####...     5%          4    ##.....


Dungeon Overview and Level Annotations

Branches:
Dungeon (1/1)

Altars:
Kikubaaqudgha
Sif Muna
Vehumet


Innate Abilities, Weirdness & Mutations

You have a pair of small horns on your head.
You are surrounded by a mild repulsion field. (EV +2)
You are agile. (Dex +2)
You are resistant to hostile enchantments. (MR+)


Message History

Confirm with . or Enter, or press ? or * to list all spells.
Aiming: Flame Tongue
Press: ? - help, Shift-Dir - straight line, f/p - wizard
Aim: a wizard, wielding a dagger and wearing a robe (severely wounded, covered in liquid flames)
The flame tongue hits the wizard.
You kill the wizard!
You have reached level 5!
The kobold demonologist gestures wildly while chanting.
The kobold demonologist mumbles some strange words.
The kobold demonologist mumbles some strange words.
There is an open door to the Ecumenical Temple here.
The sun demon hits you.
You are engulfed in flames!
Ouch! That really hurt!
* * * LOW HITPOINT WARNING * * *
Okay, then.
Unknown command.
You feel much better. The sun demon hits you!!
Ouch! That really hurt!
You are engulfed in flames!
You die...

▓▓▓▓▓▓▓▓▓▓ ▓▓▓ <.#..'...♣♣
♣.# ..#..#....♣♣ ♣.#_
#'####.....♣♣ ♣♣.# ,
.....#....≈.♣ ♣..###+#+###+
.....#÷..≈≈♣♣♣♣..#.........
.....#..≈≈≈≈♣..♣.3.⌠.......
####'#..≈≈≈≈≈≈♣.@#...######
[....#.≈≈≈≈≈≈....#3⌠.#
.....#.≈≈≈≈≈.....#...#
.....#.≈≈≈.......#5###
'#####...........#35:#
.................#_K_# +
▓▓▓▓▓▓▓▓▓▓▓▓▓▓▓▓▓▓▓▓▓▓ ≈ *


You could see a sun demon.

Vanquished Creatures
  A water elemental (D)
  A wizard (D)
  Jessica (D)
  A human (D)
  A wolf (D)
  3 rats (D)
8 creatures vanquished.

Vanquished Creatures (others)
  2 draconian scorchers (D)
  6 hellions (D)
  A yaktaur (D)
9 creatures vanquished.

Grand Total: 17 creatures vanquished

Notes
Turn   | Place    | Note
-------+----------+-------------------------------------------
     0 | D        | Kidiri the Deep Elf Fire Elementalist began the quest for the Orb.
     0 | D        | Reached XP level 1. HP: 10/10 MP: 6/6
    34 | D        | Noticed Jessica
    38 | D        | Reached skill level 4 in Spellcasting
    39 | D        | Killed Jessica
    39 | D        | Reached skill level 6 in Spellcasting
    39 | D        | Reached XP level 2. HP: 12/15 MP: 0/11
    43 | D        | Learned a level 2 spell: Throw Flame
    81 | D        | Killed a hellion
    98 | D        | Killed a hellion
    98 | D        | Killed a hellion
    98 | D        | Killed a hellion
   120 | D        | Killed a yaktaur
   146 | D        | Reached XP level 3. HP: 19/19 MP: 9/13
   151 | D        | Learned a level 3 spell: Conjure Flame
   155 | D        | Learned a level 3 spell: Inner Flame
   161 | D        | Killed a hellion
   172 | D        | Gained mutation: Your flesh is heat resistant. (rF+) [potion of mutation]
   172 | D        | Gained mutation: You passively map a small area around you. [potion of mutation]
   185 | D        | Reached skill level 7 in Spellcasting
   185 | D        | Reached skill level 5 in Fire Magic
   189 | D        | Killed a white draconian scorcher
   193 | D        | Killed a hellion
   197 | D        | Killed a white draconian scorcher
   263 | D        | Lost mutation: You passively map a small area around you. [potion of mutation]
   263 | D        | Lost mutation: Your flesh is heat resistant. (rF+) [potion of mutation]
   263 | D        | Gained mutation: You are frail. (-10% HP) [potion of mutation]
   263 | D        | Gained mutation: You are partially covered in large bone plates. (SH +4) [potion of mutation]
   263 | D        | Gained mutation: Your movements are slightly less encumbered by armour. (ER -2) [potion of mutation]
   264 | D        | Lost mutation: Your movements are slightly less encumbered by armour. (ER -2) [potion of mutation]
   264 | D        | Lost mutation: You are frail. (-10% HP) [potion of mutation]
   264 | D        | Lost mutation: You are partially covered in large bone plates. (SH +4) [potion of mutation]
   264 | D        | Gained mutation: You are resistant to hostile enchantments. (MR+) [potion of mutation]
   264 | D        | Gained mutation: You are agile. (Dex +2) [potion of mutation]
   265 | D        | Lost mutation: You are resistant to hostile enchantments. (MR+) [potion of mutation]
   265 | D        | Lost mutation: You are agile. (Dex +2) [potion of mutation]
   265 | D        | Gained mutation: You are weak. (Str -2) [potion of mutation]
   265 | D        | Gained mutation: Your magical capacity is low. (-10% MP) [potion of mutation]
   265 | D        | Gained mutation: Your system is resistant to poisons. (rPois) [potion of mutation]
   265 | D        | Gained mutation: You are somewhat resistant to further mutation. [potion of mutation]
   266 | D        | Lost mutation: Your system is resistant to poisons. (rPois) [potion of mutation]
   266 | D        | Lost mutation: You are weak. (Str -2) [potion of mutation]
   266 | D        | Lost mutation: Your magical capacity is low. (-10% MP) [potion of mutation]
   266 | D        | Gained mutation: You are partially covered in large bone plates. (SH +4) [potion of mutation]
   266 | D        | Gained mutation: Scrolls take you a little longer to read. [potion of mutation]
   266 | D        | Gained mutation: You have a pair of small horns on your head. [potion of mutation]
   267 | D        | Lost mutation: You are partially covered in large bone plates. (SH +4) [potion of mutation]
   267 | D        | Lost mutation: Scrolls take you a little longer to read. [potion of mutation]
   267 | D        | Lost mutation: You are somewhat resistant to further mutation. [potion of mutation]
   267 | D        | Gained mutation: You are agile. (Dex +2) [potion of mutation]
   267 | D        | Gained mutation: You are surrounded by a mild repulsion field. (EV +2) [potion of mutation]
   267 | D        | Gained mutation: You are resistant to hostile enchantments. (MR+) [potion of mutation]
   275 | D        | Noticed a water elemental
   278 | D        | Killed a water elemental
   278 | D        | Reached skill level 9 in Spellcasting
   278 | D        | Reached skill level 5 in Conjurations
   278 | D        | Reached XP level 4. HP: 22/24 MP: 7/17
   285 | D        | Learned a level 4 spell: Sticky Flame
   340 | D        | Found a radiant altar of Vehumet.
   341 | D        | Found a deep blue altar of Sif Muna.
   341 | D        | Found an ancient bone altar of Kikubaaqudgha.
   341 | D        | Noticed a wizard
   343 | D        | Noticed a sun demon
   343 | D        | Killed a wizard
   343 | D        | Reached XP level 5. HP: 28/28 MP: 13/19
   344 | D        | Noticed a smoke demon
   347 | D        | Noticed a ynoxinul
   349 | D        | Slain by a sun demon

Vault maps used:
D:        dungeon_sprint_mu

Skill      XL: |  1  2  3 |
---------------+----------+-----
Spellcasting   | 6 9 |  9.8
Conjurations   | 3 5 |  5.4
Fire Magic     | 4 6 |  6.4
Dodging        | |  2.4
Stealth        | |  2.4

Action                   |  1- 3 |  4- 6 || total
-------------------------+-------+-------++-------
 Cast: Flame Tongue      |    16 |     1 ||    17
       Conjure Flame     |     1 |       ||     1
       Throw Flame       |     1 |       ||     1
       Sticky Flame      |       |     1 ||     1
  Use: Potion            |     6 |     1 ||     7
Dodge: Dodged            |     3 |     1 ||     4

Table legend:
 A = Spawn XP
 B = Non-spawn XP
 C = Spawn XP percentage of total XP
 D = Spawn monster count
 E = Non-spawn monster count
 F = Spawn count percentage of total count
 G = Total turns spent on level
                    A         B        C        D         E        F      G
               +---------+---------+-------+---------+---------+-------+---------
         Total |       0 |     206 |   0.0 |       0 |       8 |   0.0 |   349
               +---------+---------+-------+---------+---------+-------+---------
             D |       0 |     206 |   0.0 |       0 |       8 |   0.0 |   349
               +---------+---------+-------+---------+---------+-------+---------
